 Dungeon Crawl Stone Soup version 0.30-a0-949-g53dc5368d7 (webtiles) character file.

Game seed: 13681612716907039769

95 bmack86 the Covered (level 4, 0/40 HPs)
             Began as a Minotaur Fighter on Mar 28, 2023.
             Slain by an orc wizard
             ... wielding a +0 dagger
              (3 damage)
             ... on level 4 of the Dungeon.
             The game lasted 00:04:00 (1482 turns).

bmack86 the Covered (Minotaur Fighter)              Turns: 1482, Time: 00:04:01

Health: 0/40       AC: 13    Str: 23    XL:     4   Next: 39%
Magic:  3/3        EV:  6    Int:  5    God:
Gold:   101        SH:  4    Dex:  9    Spells: 3/3 levels left

rFire   . . .      SeeInvis .    a - +0 war axe
rCold   . . .      Faith    .    c - +0 buckler
rNeg    . . .      Spirit   .    p - +0 plate armour
rPois   .          Reflect  .    (helmet restricted)
rElec   .          Rampage  .    (no cloak)
rCorr   .                        e - +0 pair of gloves
Will    .....                    (no boots) Stlth
                                 (no amulet)
HPRegen 0.26/turn                (no ring)
MPRegen 0.08/turn                (no ring)

@: no status effects
A: horns 2, retaliatory headbutt
a: no special abilities


You were on level 4 of the Dungeon.
You visited 1 branch of the dungeon, and saw 3 of its levels.

You collected 101 gold pieces.

Inventory:

Hand Weapons
 a - a +0 war axe (weapon)
Missiles
 g - 5 curare-tipped darts
 j - 4 boomerangs (quivered)
Armour
 b - a +0 scale mail
 c - a +0 buckler (worn)
 e - a +0 pair of gloves (worn)
 p - a +0 plate armour (worn)
Jewellery
 r - a ring of fire
Scrolls
 l - 2 scrolls of fog {unknown}
 m - a scroll of enchant armour {unknown}
 n - a scroll of vulnerability {unknown}
 o - a scroll of summoning {unknown}
 q - a scroll of noise {unknown}
Potions
 d - a potion of might
 f - 2 potions of cancellation
 h - 2 potions of curing
 i - a potion of attraction {unknown}
 k - a potion of haste {unknown}


   Skills:
 + Level 4.1 Fighting
 * Level 3.9 Axes
 + Level 1.1 Throwing
 + Level 4.2 Armour
 + Level 4.2 Shields


You had 3 spell levels left.
You didn't know any spells.
Your spell library contained the following spells:

 Spells                   Type           Power      Damage    Failure   Level
 Lesser Beckoning         Tloc           0%         N/A       100%        2
 Dazzling Flash           Conj/Hex       0%         N/A       100%        3
 Gell's Gravitas          Tloc           0%         N/A       100%        3
 Teleport Other           Tloc           0%         N/A       100%        3
 Iskenderun's Mystic Bla  Conj/Tloc      0%         2d3       100%        4
 Dispersal                Tloc           0%         N/A       100%        6
 Starburst                Conj/Fire      0%         6d3       100%        6


Dungeon Overview and Level Annotations

Branches:
Dungeon (4/15)
 Temple: D:4-7

Altars:


Innate Abilities, Weirdness & Mutations

You have a pair of horns on your head.
You reflexively headbutt those who attack you in melee.


Message History

A goblin comes into view. It is wielding a +0 dagger.
The goblin shouts!
You slash the goblin!
You kill the goblin!
You see here a +0 dagger.
You see here a +0 dagger.
A sourceless malevolence fills the Dungeon...
You fall into a shaft and drop 2 floors!
The shaft crumbles and collapses.
Found an escape hatch in the floor.
A hobgoblin comes into view.
Found 7 gold pieces.
You block the hobgoblin's attack.
You closely miss the hobgoblin. The hobgoblin hits you.
You hit the hobgoblin. You headbutt the hobgoblin.
You kill the hobgoblin!
An orc wizard and an orc come into view.
The orc wizard shouts!
An orc priest comes into view. It is wielding a +0 club.
Found 4 gold pieces.
A kobold comes into view. It is wielding a +0 dagger.
The kobold shouts!
The orc wizard casts a spell at you.
The puff of flame hits you but does no damage.
An orc comes into view. It is wielding a +0 whip.
You slash the orc!
You kill the orc!
The orc priest mumbles some strange prayers to Beogh against you.
Beogh smites you!
The orc wizard hits you but does no damage.
The orc priest mumbles some strange prayers to Beogh against you.
Beogh smites you!
* * * LOW HITPOINT WARNING * * *
An endoplasm comes into view.
You hit the orc wizard.
The orc wizard is moderately wounded.
The orc priest invokes the aid of Beogh against you.
Pain shoots through your body!
* * * LOW HITPOINT WARNING * * *
The orc wizard hits you with a +0 dagger.
You die...

.............
##.....J.....#.
...........$...
..............
#.o..........
#o..........
##...K.......
..#...o@.......
#.##...........
............#..
..#.........#
...........##
..##.....#.##
.........#..###
...#....>......
...#....#..##.#


You could see an orc priest, an orc wizard, an orc, an endoplasm and a kobold.

Vanquished Creatures
  4 gnolls
  A dart slug (D:2)
  An orc (D:4)
  3 ball pythons
  3 bats
  4 endoplasms
  A giant cockroach (D:1)
  6 goblins
  4 hobgoblins
  6 jackals (D:1)
  4 quokkas
  2 frilled lizards
  5 kobolds
  A rat (D:1)
45 creatures vanquished.

Notes
Turn   | Place    | Note
-------+----------+-------------------------------------------
     0 | D:1      | bmack86 the Minotaur Fighter began the quest for the Orb.
     0 | D:1      | Reached XP level 1. HP: 19/19 MP: 0/0
   288 | D:1      | Reached XP level 2. HP: 27/27 MP: 1/1
   489 | D:1      | Reached XP level 3. HP: 33/33 MP: 2/2
  1045 | D:2      | Reached skill level 1 in Throwing
  1060 | D:2      | Reached XP level 4. HP: 20/40 MP: 3/3
  1469 | D:2      | You fall into a shaft and drop 2 floors!
  1482 | D:4      | Slain by an orc wizard

Illustrated notes

Levels and vault maps discovered:
D:1:      ebering_hopf_link, layout_basic, fountainhead
D:2:      layout_basic, minmay_3d_cube
D:4:      layout_cave_pools, minmay_misc_feat_rugged, corexii_leaking_fountain

Skill      XL: |  1  2  3 |
---------------+----------+-----
Axes           | 3 |  3.9
Armour         | 4 |  4.2
Shields        | 4 |  4.2
Fighting       | 4 |  4.1
Throwing       | 1 |  1.1

Action                     |  1- 3 |  4- 6 || total
---------------------------+-------+-------++-------
  Melee: War axe           |    42 |    18 ||    60
         Headbutt          |     5 |     5 ||    10
  Throw: Boomerang         |     3 |       ||     3
    Use: Scroll            |     2 |       ||     2
 Armour: Scale mail        |    34 |       ||    34
         Plate armour      |     3 |    11 ||    14
  Dodge: Dodged            |    42 |     1 ||    43
  Block: Buckler           |    13 |     2 ||    15

Table legend: (Time is in decaauts)
 A = Elapsed time spent in this place.
 B = Non-inter-level travel time spent in this place.
 C = Inter-level travel time spent in this place.
 D = Time resting spent in this place.
 E = Time spent auto-exploring this place.
 F = Levels seen in this place.
 G = Mean time per level.
                   A        B        C        D        E       F      G
               +--------+--------+--------+--------+--------+-----+--------+
         Total |   1508 |   1443 |     65 |    265 |    723 |   3 |  502.7 |
       Dungeon |   1508 |   1443 |     65 |    265 |    723 |   3 |  502.7 |
               +--------+--------+--------+--------+--------+-----+--------+

Top non-repeatable levels by time:
     D:1: 916 daAuts
     D:2: 578 daAuts
     D:4: 13 daAuts
